 Dungeon Crawl Stone Soup version 0.27-a0-141-g0b64aa269c (webtiles) character file.

Game seed: 2541233373754332900

220 ReteAZ the Ruffian (level 5, -4/40 HPs)
             Began as a Draconian Transmuter on Jan 26, 2021.
             Killed from afar by a white imp (6 damage)
             ... with a puff of frost
             ... summoned by Natasha
             ... on level 2 of the Dungeon.
             The game lasted 00:02:04 (1584 turns).

ReteAZ the Ruffian (Draconian Transmuter)           Turns: 1584, Time: 00:02:05

Health: -4/40      AC:  5    Str: 13    XL:     5   Next: 64%
Magic:  7/8        EV: 12    Int: 14    God:
Gold:   74         SH:  0    Dex: 11    Spells: 7/8 levels left

rFire    . . .     SeeInvis .     - Unarmed
rCold    . . .     Faith    .   (no shield)
rNeg     . . .     Spirit   .   (armour unavailable)
rPois    .         Reflect  .   (helmet currently unavailable)
rElec    .         Harm     .   (no cloak)
rCorr    .         Rampage  .   (no gloves)
Will     .....                  (boots currently unavailable)
Stlth    +.........             (no amulet)
HPRegen  0.13/turn              (no ring)
MPRegen  0.11/turn              (no ring)

@: appendages, slowed, very slow
A: unfitting armour, horns 2, talons 2, cold-blooded, AC +5
a: End Transformation


You were on level 2 of the Dungeon.
You had grown temporary horns.
You had grown temporary talons.
You visited 1 branch of the dungeon, and saw 2 of its levels.

You collected 74 gold pieces.

Inventory:

Armour
 g - a +0 kite shield
Jewellery
 f - an uncursed amulet of regeneration {unknown}
 k - an uncursed ring of positive energy {unknown}
Scrolls
 a - a scroll of blinking {unknown}
 c - 2 scrolls of remove curse {unknown}
 d - 2 scrolls of identify {unknown}
 e - a scroll of random uselessness {unknown}
 h - a scroll of amnesia {unknown}
 l - a scroll of fog {unknown}
 m - a scroll of noise {unknown}
 n - a scroll of magic mapping {unknown}
 o - a scroll of enchant armour {unknown}
Potions
 b - a potion of heal wounds {unknown}
 i - a potion of invisibility {unknown}
 j - a potion of curing {unknown}


   Skills:
 - Level 1.1 Fighting
 - Level 1.7 Dodging
 + Level 6.4 Unarmed Combat
 - Level 2.0 Spellcasting
 + Level 2.1 Transmutations


You had 7 spell levels left.
You knew the following spells:

 Your Spells              Type           Power        Failure   Level
a - Beastly Appendage     Tmut           14%          10%         1

Your spell library contained the following spells:

 Spells                   Type           Power        Failure   Level
 Wereblood                Tmut           7%           16%         2
 Spider Form              Tmut/Pois      2%           43%         3
 Ice Form                 Ice/Tmut       4%           83%         4
 Blade Hands              Tmut           3%           95%         5


Dungeon Overview and Level Annotations

Branches:
Dungeon (2/15)

Altars:

Annotations:
D:2 Natasha


Innate Abilities, Weirdness & Mutations

Your plain brown scales are hard. (AC +5)
You cannot fit into any form of body armour.
You are cold-blooded and may be slowed by cold attacks.
You have a pair of horns on your head.
You have razor-sharp toenails.


Message History

Confirm with . or Enter, or press ? or * to list all spells.
You grow a pair of large bovine horns.
Your feet morph into talons.
Natasha mewls in sadness.
Natasha casts a spell.
You closely miss Natasha. Your punch misses Natasha.
Natasha is heavily wounded.
Natasha stares at you and mumbles some strange words.
You feel as though you will be slow longer.
Natasha claws you!
* * * LOW HITPOINT WARNING * * *
You hit Natasha. Your kick misses Natasha.
Your tail-slap misses Natasha.
Natasha is almost dead.
Natasha closely misses you.
You hit Natasha. Your headbutt misses Natasha.
Natasha is almost dead.
Natasha claws you.
* * * LOW HITPOINT WARNING * * *
The white imp gestures at you. The puff of frost hits you.
You die...

#.... #.... #....
##....########## #
..>.....................
............... ......
#.h.....######....#
.##.5@..............#
....'....)..######....#
##.##.........<.......#
...........#.##.....#
#.#####.......##.....##
#. ##......##....... #
#.####.†#.#..... ###
##......... #.#.#.....


You could see Natasha and a white imp (summoned).

Vanquished Creatures
  Sigmund (D:2)
  Terence (D:2)
  2 adders (D:2)
  An ooze (D:1)
  A giant cockroach (D:2)
  2 hobgoblins
  A frilled lizard (D:2)
  3 kobolds
  4 rats
16 creatures vanquished.

Notes
Turn   | Place    | Note
-------+----------+-------------------------------------------
     0 | D:1      | ReteAZ the Draconian Transmuter began the quest for the
                  | Orb.
     0 | D:1      | Reached XP level 1. HP: 16/16 MP: 3/3
   930 | D:2      | Reached XP level 2. HP: 10/23 MP: 3/5
  1183 | D:2      | Noticed Terence
  1186 | D:2      | Noticed Sigmund
  1191 | D:2      | Killed Terence
  1192 | D:2      | Reached skill level 4 in Unarmed Combat
  1192 | D:2      | Reached XP level 3. HP: 15/28 MP: 4/6
  1339 | D:2      | Killed Sigmund
  1340 | D:2      | Reached skill level 6 in Unarmed Combat
  1340 | D:2      | Reached XP level 4. HP: 27/35 MP: 5/7
  1340 | D:2      | Reached XP level 5. HP: 31/40 MP: 5/8
  1572 | D:2      | Noticed Natasha
  1584 | D:2      | HP: 2/40 [Natasha (2)]
  1584 | D:2      | Killed from afar by a white imp

Illustrated notes

Levels and vault maps discovered:
D:1:      amcnicky_arrival_choice, layout_loops_corners
D:2:      minmay_wonky_spiral, layout_basic, grunt_decor_cap,
          minmay_joined_circles, uniq_sigmund, uniq_natasha, uniq_terence

Skill      XL: |  1  2  3 |
---------------+----------+-----
Unarmed Combat | 4 6 |  6.4
Fighting       | |  1.1
Dodging        | |  1.7
Spellcasting   | |  2.0
Transmutations | |  2.1

Action                   |  1- 3 |  4- 6 || total
-------------------------+-------+-------++-------
Melee: Unarmed           |    36 |    25 ||    61
       Kick              |     9 |     1 ||    10
       Tailslap          |     2 |     2 ||     4
       Headbutt          |     2 |     1 ||     3
 Cast: Beastly Appendage |     7 |     3 ||    10
 Stab: Sleeping          |     1 |       ||     1
Armor: Skin              |     6 |     9 ||    15
Dodge: Dodged            |    24 |    12 ||    36

Table legend: (Time is in decaauts)
 A = Elapsed time spent in this place.
 B = Non-inter-level travel time spent in this place.
 C = Inter-level travel time spent in this place.
 D = Time resting spent in this place.
 E = Time spent auto-exploring this place.
 F = Levels seen in this place.
 G = Mean time per level.
                   A        B        C        D        E       F      G
               +--------+--------+--------+--------+--------+-----+--------+
         Total |   1583 |   1531 |     52 |    200 |   1125 |   2 |  791.5 |
       Dungeon |   1583 |   1531 |     52 |    200 |   1125 |   2 |  791.5 |
               +--------+--------+--------+--------+--------+-----+--------+

Top non-repeatable levels by time:
     D:1: 927 daAuts
     D:2: 655 daAuts
